 Dungeon Crawl Stone Soup version 0.25.1-9-gc5326a611f (webtiles) character file.

Game seed: 5185657568362481321

210 Gadfly the Cudgeler (level 5, -4/53 HPs)
             Began as a Troll Berserker on Dec 26, 2020.
             Was a Believer of Trog.
             Slain by Duvessa
             ... wielding a +0 short sword
              (7 damage)
             ... on level 4 of the Dungeon.
             The game lasted 00:06:54 (3185 turns).

Gadfly the Cudgeler (Troll Berserker)               Turns: 3185, Time: 00:06:55

Health: -4/53      AC:  7    Str: 25    XL:     5   Next: 56%
Magic:  4/4        EV: 10    Int:  3    God:    Trog [**....]
Gold:   204        SH:  0    Dex: 10    Spells: 4/4 levels left

rFire    . . .     SeeInvis .   a - +1 mace
rCold    . . .     Gourm    +   (no shield)
rNeg     . . .     Faith    .   l - +0 animal skin
rPois    .         Spirit   .   (helmet restricted)
rElec    .         Reflect  .   k - +0 cloak
rCorr    .         Harm     .   (gloves unavailable)
MR       .....                  (boots unavailable)
Stlth    +.........             (no amulet)
HPRegen  0.57/turn              (no ring)
MPRegen  0.09/turn              (no ring)

@: berserk cooldown, slowed, very slow
A: large, unfitting armour, claws 3, fast metabolism 3, gourmand, regeneration
1, shaggy fur 1, tough skin 3
a: Berserk, Trog's Hand, Renounce Religion


You were on level 4 of the Dungeon.
You worshipped Trog.
Trog was pleased with you.
You were full.

You visited 1 branch of the dungeon, and saw 4 of its levels.
You also visited: Sewer.

You collected 204 gold pieces.

Inventory:

Hand Weapons
 a - a +1 mace (weapon)
 b - a +1 vampiric spear
Armour
 k - a +0 cloak (worn)
 l - a +0 animal skin (worn)
Scrolls
 h - 3 scrolls of remove curse
 j - a scroll of enchant weapon
 n - 4 scrolls of teleportation
Potions
 e - 2 potions of cancellation
 f - 2 potions of berserk rage
 g - a potion of might
 i - a potion of haste
 m - 4 potions of flight
 q - a potion of resistance
Comestibles
 c - 9 rations


   Skills:
 + Level 3.3 Fighting
 * Level 4.5 Maces & Flails
 + Level 1.9 Armour
 - Level 2.4 Dodging


You had 4 spell levels left.
You didn't know any spells.
Your spell library was empty.

Dungeon Overview and Level Annotations

Branches:
Dungeon (4/15)              Sewer (visited)
 Temple: D:4-7

Altars:
Fedhas
Gozag
Hepliaklqana

Annotations:
D:4 Dowan, Duvessa


Innate Abilities, Weirdness & Mutations

You are too large for most types of armour.
You have claws for hands.
Your metabolism is lightning-fast.
You like to eat raw meat.
Your natural rate of healing is unusually fast.
You are covered in fur. (AC +1)
You have extremely tough skin. (AC +3)


Message History

Duvessa hits you with a +0 short sword!
* * * LOW HITPOINT WARNING * * *
Duvessa hits you with a +0 short sword.
* * * LOW HITPOINT WARNING * * *
You feel the effects of Trog's Hand fading.
Duvessa says, "My weaknesses are his strengths!"
Duvessa hits you with a +0 short sword.
* * * LOW HITPOINT WARNING * * *
Duvessa hits you with a +0 short sword.
* * * LOW HITPOINT WARNING * * *
Duvessa hits you with a +0 short sword.
* * * LOW HITPOINT WARNING * * *
Duvessa hits you but does no damage. Duvessa hits you with a +0 short sword.
* * * LOW HITPOINT WARNING * * *
There is a stone staircase leading up, spattered with blood here.
Your skin stops crawling.
You feel less resistant to hostile enchantments.
Duvessa hits you with a +0 short sword!
You die...

##........>.
##########..#####
......###...##
......##..#..#
.........###.#######
....................
........####..######
......#.## ##...##
......#e.# ###.@#
##.#####.## ##e# ...
#..# ###.# # #..
##.####.#e#.#####
#...##.........#
###.###...####..
#.....#.#
#......#..#
#..###...#.#


You could see Duvessa (fast) and Dowan.

Vanquished Creatures
  A bullfrog zombie (D:3)
  A merfolk siren (Sewer)
  A merfolk avatar (Sewer)
  A river rat (Sewer)
  3 adders
  3 worms (D:3)
  5 leopard geckos
  2 ball pythons (Sewer)
  5 giant cockroaches
  7 goblins
  8 hobgoblins
  3 jackals (D:2)
  3 quokkas
  4 bats
  8 frilled lizards
  6 kobolds
  27 rats
88 creatures vanquished.

Notes
Turn   | Place    | Note
-------+----------+-------------------------------------------
     0 | D:1      | Gadfly the Troll Berserker began the quest for the Orb.
     0 | D:1      | Reached XP level 1. HP: 22/22 MP: 0/0
   160 | D:1      | Reached skill level 3 in Maces & Flails
   163 | D:1      | Reached XP level 2. HP: 28/29 MP: 1/1
  1157 | D:2      | Reached XP level 3. HP: 28/36 MP: 2/2
  1249 | D:2      | Found an opulent altar of Gozag.
  1354 | D:2      | Reached ** piety under Trog
  1385 | D:2      | Reached skill level 1 in Armour
  1867 | D:3      | Found a glowing drain.
  1915 | Sewer    | Entered a sewer
  1980 | Sewer    | Reached XP level 4. HP: 44/44 MP: 3/3
  2060 | Sewer    | Reached skill level 4 in Maces & Flails
  2224 | Sewer    | Noticed a malarious merfolk avatar
  2247 | Sewer    | Killed a malarious merfolk avatar
  2247 | Sewer    | Reached XP level 5. HP: 39/53 MP: 4/4
  2673 | D:3      | Found a blossoming altar of Fedhas.
  2972 | D:3      | Found a hazy altar of Hepliaklqana.
  3146 | D:4      | Noticed Dowan
  3148 | D:4      | Noticed Duvessa
  3162 | D:4      | HP: 1/53 [Duvessa/+0 short sword (6)]
  3169 | D:4      | HP: 1/53 [Duvessa/+0 short sword (5)]
  3181 | D:4      | HP: 2/53 [Duvessa/+0 short sword (2)]
  3185 | D:4      | Slain by Duvessa

Illustrated notes

Levels and vault maps discovered:
D:1:      minmay_arrival_floating_metal, layout_basic, minmay_hexomino_p4
D:2:      layout_loops_ring, serial_bayou, serial_bayou_pond_d,
          serial_bayou_shore_a, serial_bayou_pond_d, serial_bayou_ford_a,
          first_ration, lemuel_tele_altar
D:3:      layout_loops_ring, marbit_many_paths, cheibrodos_sewer_entry_bend,
          fedhas_altar_1
D:4:      layout_rooms, nicolae_zen_rock_garden, uniq_duvessa

Skill      XL: |  1  2  3  4 |
---------------+-------------+-----
Maces & Flails | 3 4 |  4.5
Armour         | 1 |  1.9
Fighting       | 3 |  3.3
Dodging        | |  2.4

Action                   |  1- 3 |  4- 6 || total
-------------------------+-------+-------++-------
Melee: Mace              |   191 |   163 ||   354
Invok: Trog's Hand       |       |     2 ||     2
       Berserk           |       |     1 ||     1
  Use: Scroll            |     8 |     4 ||    12
       Potion            |     2 |     2 ||     4
 Stab: Sleeping          |     1 |     1 ||     2
  Eat: Chunk             |    25 |    10 ||    35
Armor: Animal skin       |   100 |    98 ||   198
Dodge: Dodged            |   116 |   131 ||   247
